 Dungeon Crawl Stone Soup version 0.28.0-53-g5a82cb258f (webtiles) character file.

Game seed: 12067193382381463504

10 Plasmagod the Covered (level 2, -1/19 HPs)
             Began as a Gargoyle Fighter on July 27, 2022.
             Slain by a jackal (2 damage)
             ... on level 1 of the Dungeon.
             The game lasted 00:00:26 (174 turns).

Plasmagod the Covered (Gargoyle Fighter)             Turns: 174, Time: 00:00:27

Health: -1/19      AC:  9    Str: 19    XL:     2   Next: 20%
Magic:  2/2        EV:  9    Int:  8    God:
Gold:   0          SH:  4    Dex:  9    Spells: 1/1 levels left

rFire   . . .      SeeInvis .   a - +0 flail
rCold   . . .      Faith    .   c - +0 buckler
rNeg    + . .      Spirit   .   b - +0 scale mail
rPois   ∞          Reflect  .   (no helmet)
rElec   +          Harm     .   (no cloak)
rCorr   .          Rampage  .   (no gloves)
Will    .....                   (no boots)
Stlth   ..........              (no amulet)
HPRegen 0.06/turn               (no ring)
MPRegen 0.08/turn               (no ring)

@: no status effects
A: sickness immunity, AC +2, negative energy resistance 1, electricity
resistance, torment resistance 1, petrification resistance
a: no special abilities


You were on level 1 of the Dungeon.
You visited 1 branch of the dungeon, and saw 1 of its levels.

Inventory:

Hand Weapons
 a - a +0 flail (weapon)
Armour
 b - a +0 scale mail (worn)
 c - a +0 buckler (worn)
Scrolls
 f - 2 scrolls of identify {unknown}
Potions
 d - a potion of might
 e - a potion of magic {unknown}


   Skills:
 + Level 3.5 Fighting
 + Level 2.1 Maces & Flails
 + Level 3.5 Armour
 + Level 3.5 Shields


You had one spell level left.
You didn't know any spells.
Your spell library was empty.

Dungeon Overview and Level Annotations

Branches:
Dungeon (1/15)

Altars:


Innate Abilities, Weirdness & Mutations

You are immune to sickness and miasma.
Your stone body is resilient. (AC +2)
You are immune to poison.
You resist negative energy. (rN+)
You are resistant to electric shocks. (rElec)
You are resistant to unholy torment.
You are immune to petrification.


Message History

The jackal barks!
You hear a bark!
A jackal comes into view. x2
The endoplasm hits you.
You barely miss the endoplasm.
A bat comes into view.
The endoplasm freezes you.
You are frozen.
The jackal bites you but does no damage.
The quokka barely misses you.
You hit the endoplasm.
The endoplasm is moderately wounded.
The jackal closely misses you.
The endoplasm hits you but does no damage.
You block the quokka's attack. The jackal closely misses you.
The endoplasm hits you but does no damage.
You hit the endoplasm but do no damage.
The endoplasm is moderately wounded.
The bat hits you but does no damage. You block the bat's attack.
The quokka bites you. You block the jackal's attack.
The jackal barely misses you. The quokka misses you. The endoplasm freezes you.
You are frozen.
The jackal closely misses you.
You are too injured to fight recklessly!
The bat hits you but does no damage. The jackal bites you. The bat hits you.
The jackal closely misses you. The bat hits you but does no damage.
The jackal bites you.
* * * LOW HITPOINT WARNING * * *
The endoplasm jiggles.
The bat closely misses you. The bat hits you but does no damage.
You hit the bat.
You kill the bat!
The endoplasm freezes you.
You are frozen.
* * * LOW HITPOINT WARNING * * *
You sock the endoplasm!
You kill the endoplasm!
You block the jackal's attack.
You closely miss the jackal. The jackal bites you.
You die...

#.#8#8#8#...#8#8#8#
##.#...............#
#..'.###...<...###.+
#.>#...............
#..#8#8#8#...#8#8#8#
#..######8...8####
#.......##.#.##
#....#..#8.#.8
#...###@##.#.#
#....###h#8. .8
#.....#hh#
#.......r#
##.......###+###
##.............
#####...##....
#........##
#........#


You could see a quokka and 3 jackals.

Vanquished Creatures
  A bat (D:1)
  An endoplasm (D:1)
  2 goblins (D:1)
  A hobgoblin (D:1)
  2 kobolds (D:1)
  A ball python (D:1)
  A rat (D:1)
9 creatures vanquished.

Notes
Turn   | Place    | Note
-------+----------+-------------------------------------------
     0 | D:1      | Plasmagod the Gargoyle Fighter began the quest for the Orb.
     0 | D:1      | Reached XP level 1. HP: 14/14 MP: 1/1
    53 | D:1      | Reached XP level 2. HP: 16/19 MP: 2/2
    95 | D:1      | Found a faded altar of an unknown god.
   174 | D:1      | Slain by a jackal

Illustrated notes

Levels and vault maps discovered:
D:1:      heliophobic_arrival_ceremonial_halls, layout_rooms,
          basic_ecumenical_altar

Action                   || total
-------------------------++-------
Melee: Flail             ||    25
Armor: Scale mail        ||    17
Dodge: Dodged            ||    17
Block: Buckler           ||     5
